 Dungeon Crawl Stone Soup version 0.29-a0-824-gd827844252 (webtiles) character file.

Game seed: 888947577428498105

507 gobodom the Shield-Bearer (level 7, -1/43 HPs)
             Began as a Gargoyle Fighter on July 10, 2022.
             Was a Believer of Dithmenos.
             Killed by divine providence
             ... invoked by an orc priest
              (11 damage)
             ... on level 4 of the Dungeon.
             The game lasted 00:08:51 (3705 turns).

gobodom the Shield-Bearer (Gargoyle Fighter)        Turns: 3705, Time: 00:08:52

Health: -1/43      AC: 14    Str: 22    XL:     7   Next: 18%
Magic:  7/7        EV:  6    Int:  8    God:    Dithmenos [**....]
Gold:   219        SH: 13    Dex:  9    Spells: 6/6 levels left

rFire   . . .      SeeInvis .   a - +0 war axe
rCold   . . .      Faith    .   s - +0 kite shield
rNeg    + . .      Spirit   .   g - +0 chain mail
rPois   ∞          Reflect  +   (no helmet)
rElec   +          Harm     .   (no cloak)
rCorr   .          Rampage  .   (no gloves)
Will    .....                   (no boots)
Stlth   ..........              j - amulet of reflection
HPRegen 0.14/turn               (no ring)
MPRegen 0.10/turn               (no ring)

@: wreathed by umbra
A: sickness immunity, AC +4, negative energy resistance 1, electricity
resistance, torment resistance 1, petrification resistance
a: Renounce Religion, Shadow Step


You were on level 4 of the Dungeon.
You worshipped Dithmenos.
Dithmenos was pleased with you.
You visited 1 branch of the dungeon, and saw 4 of its levels.

You collected 219 gold pieces.

Inventory:

Hand Weapons
 a - a +0 war axe (weapon)
 h - a +3 dagger
 l - a +0 short sword of venom
Missiles
 v - 3 curare-tipped darts (quivered)
 y - 2 boomerangs
Armour
 b - a +0 scale mail
 c - a +0 buckler
 g - a +0 chain mail (worn)
 s - a +0 kite shield (worn)
Jewellery
 j - an amulet of reflection (around neck)
 r - an amulet of the acrobat
Wands
 i - a wand of mindburst (5)
Scrolls
 o - 2 scrolls of vulnerability {unknown}
 q - 2 scrolls of amnesia {unknown}
 t - a scroll of blinking {unknown}
 w - a scroll of fog {unknown}
 z - a scroll of immolation {unknown}
 B - 2 scrolls of fear {unknown}
 C - a scroll of poison {unknown}
Potions
 d - a potion of might
 e - 3 potions of heal wounds {unknown}
 f - a potion of haste
 k - a potion of resistance
 m - 2 potions of lignification {unknown}
 n - 2 potions of degeneration {unknown}
 p - a potion of invisibility {unknown}
 u - a potion of flight
 x - 2 potions of curing {unknown}
 A - a potion of mutation


   Skills:
 + Level 4.2 Fighting
 + Level 4.4 Axes
 + Level 4.2 Armour
 * Level 1.4 Dodging
 * Level 2.0 Stealth
 + Level 5.0 Shields


You had 6 spell levels left.
You didn't know any spells.
Your spell library was empty.

Dungeon Overview and Level Annotations

Branches:
Dungeon (4/15)
 Temple: D:4-7

Altars:
Dithmenos
Makhleb
Okawaru
The Shining One


Innate Abilities, Weirdness & Mutations

You are immune to sickness and miasma.
Your stone body is resilient. (AC +4)
You are immune to poison.
You resist negative energy. (rN+)
You are resistant to electric shocks. (rElec)
You are resistant to unholy torment.
You are immune to petrification.


Message History

The orc wizard hits you but does no damage.
You closely miss the orc wizard.
The orc wizard gestures at you while chanting.
You resist with some effort.
An orc priest comes into view. It is wielding a +0 short sword.
The orc priest shouts!
The orc wizard hits you with a +0 dagger.
The orc hits you but does no damage.
Items here: ( ) ? [ †.
You feel less confused.
The orc wizard hits you but does no damage.
You closely miss the orc wizard.
The orc wizard hits you with a +0 dagger.
The orc barely misses you. You block the orc wizard's attack.
You barely miss the orc wizard. You hit the orc but do no damage.
You block the orc's attack.
The orc wizard points at you and mumbles some strange words.
The puff of flame hits you.
You barely miss the orc wizard. You barely miss the orc.
You block the orc's attack.
The orc wizard hits you but does no damage.
The orc hits you with a +0 dagger.
The orc wizard casts a spell.
The orc wizard flickers and vanishes!
Deactivating autopickup; reactivate with Ctrl-A.
You barely miss something.
You hit the orc priest but do no damage.
You hit the orc.
The orc priest invokes the aid of Beogh against you.
Pain shoots through your body! You block the orc's attack.
Something hits you but does no damage.
You closely miss the orc.
The orc is almost dead.
You slash the orc priest! You miss something.
The orc priest closely misses you. The orc hits you but does no damage.
Something hits you.
* * * LOW HITPOINT WARNING * * *
The orc priest invokes the aid of Beogh against you.
Beogh smites you!
You die...

....†....#
#######..# #. # #..#
#.# #..# #.# #..#
#.# ##..# #.# #...#
##.## #..## ##...##
#
#..#####...@o#.#####
#.....)).. #.# #.
... #. ..... #.
##..###


You could see an orc priest and an orc.

Vanquished Creatures
  2 black bears (D:4)
  A scorpion (D:4)
  A hound (D:4)
  2 orc priests
  5 gnolls
  5 adders
  2 worms
  12 orcs
  10 ball pythons
  4 bats
  3 endoplasms
  2 giant cockroaches
  4 goblins
  7 hobgoblins
  4 jackals (D:2)
  2 quokkas
  4 frilled lizards
  7 kobolds
  5 rats
82 creatures vanquished.

Notes
Turn   | Place    | Note
-------+----------+-------------------------------------------
     0 | D:1      | gobodom the Gargoyle Fighter began the quest for the Orb.
     0 | D:1      | Reached XP level 1. HP: 14/14 MP: 1/1
   211 | D:1      | Reached XP level 2. HP: 17/19 MP: 2/2
   628 | D:1      | Reached skill level 4 in Shields
   628 | D:1      | Reached XP level 3. HP: 19/24 MP: 3/3
   814 | D:1      | Found a faded altar of an unknown god.
   817 | D:1      | Prayed at the altar of an unknown god.
   817 | D:1      | Became a worshipper of Dithmenos the Shadowed
   817 | D:1      | Reached * piety under Dithmenos
  1673 | D:2      | Reached XP level 4. HP: 29/29 MP: 4/4
  1873 | D:3      | Found a burning altar of Makhleb.
  1879 | D:3      | Found an iron altar of Okawaru.
  1892 | D:3      | Reached ** piety under Dithmenos
  1902 | D:3      | Reached XP level 5. HP: 20/33 MP: 5/5
  2176 | D:3      | Found a glowing golden altar of the Shining One.
  3355 | D:4      | Reached XP level 6. HP: 36/38 MP: 6/6
  3479 | D:4      | Noticed a black bear
  3482 | D:4      | Noticed a black bear
  3489 | D:4      | Reached skill level 1 in Stealth
  3491 | D:4      | Killed a black bear
  3492 | D:4      | Reached skill level 1 in Dodging
  3494 | D:4      | Killed a black bear
  3495 | D:4      | Reached XP level 7. HP: 26/43 MP: 7/7
  3651 | D:4      | Reached skill level 5 in Shields
  3705 | D:4      | Killed from afar by an orc priest

Illustrated notes

Levels and vault maps discovered:
D:1:      ncdulo_halloftheorcs, layout_rooms,
          hellmonk_ecumenical_altar_inner_sanctum, dk_noncrumbling_3,
          minmay_misc_feat_secret_circle
D:2:      layout_basic
D:3:      layout_loops_ring, mainiacjoe_overflow_large_starburst,
          mainiacjoe_overflow_24_doors, nrook_uturn
D:4:      layout_loops_ring, minmay_temple_entry_poolview,
          minmay_tree_intersection, due_unseen_surprise

Skill      XL: |  1  2  3  4  5  6  7 |
---------------+----------------------+-----
Shields        | 4 5 |  5.0
Axes           | 2 3 4 |  4.4
Armour         | 4 |  4.2
Fighting       | 4 |  4.2
Stealth        | 1 2 |  2.0
Dodging        | 1 |  1.4

Action                   |  1- 3 |  4- 6 |  7- 9 || total
-------------------------+-------+-------+-------++-------
Melee: War axe           |   101 |   150 |    24 ||   275
  Use: Scroll            |       |     4 |       ||     4
Armor: Chain mail        |    56 |    66 |    14 ||   136
       Scale mail        |     5 |       |       ||     5
Dodge: Dodged            |    30 |    34 |     8 ||    72
Block: Buckler           |    36 |       |       ||    36
       Reflection        |     3 |       |       ||     3
       Kite shield       |    26 |   129 |    16 ||   171

Table legend: (Time is in decaauts)
 A = Elapsed time spent in this place.
 B = Non-inter-level travel time spent in this place.
 C = Inter-level travel time spent in this place.
 D = Time resting spent in this place.
 E = Time spent auto-exploring this place.
 F = Levels seen in this place.
 G = Mean time per level.
                   A        B        C        D        E       F      G
               +--------+--------+--------+--------+--------+-----+--------+
         Total |   3837 |   3595 |    242 |    234 |   2544 |   4 |  959.2 |
       Dungeon |   3837 |   3595 |    242 |    234 |   2544 |   4 |  959.2 |
               +--------+--------+--------+--------+--------+-----+--------+

Top non-repeatable levels by time:
     D:3: 1288 daAuts
     D:1: 1087 daAuts
     D:2: 751 daAuts
     D:4: 710 daAuts
